Cogmind - Beta 12 @@@ ROGUE MODE // 2023.07.23 @ 15:24:12 Player: Stryker Result: Self-destructed Performance ------------- Evolutions (6) 3000 Regions Visited (20) 4000 Robots Destroyed (188) 940 Value Destroyed (7939) 7939 Prototype IDs (53) 1060 Alien Tech Used (1) 200 Bonus (6028) 6028 TOTAL SCORE: 23167 Bonus ------- High Alert Combat Kills 52 Follower Combat Kills 1814 Network Hubs Disabled 200 Met Data Miner 300 Met Warlord at Base 500 MAIN.C Attacked Warlord 500 Warlord Defense Kills 2404 Built Enhanced Grunts 300 A7 Reached Mainframe 300 Friendly Fire -342 Cogmind --------- Core Integrity 1083/1150 Matter 0/300 Energy 700/700 System Corruption 6% Temperature Warm (129) Movement Immobile (Siege) Location -4/Factory Parts ------- > --- POWER (2) -------- Vortex Chain Reactor > --- PROPULSION (6) --- Centrium Heavy Treads Centrium Heavy Treads Wheel Compact Wheel > --- UTILITY (9) ------ Advanced Coolant Injector Huge Storage Unit Advanced Terrain Scan Processor Layered Light Armor Plating Improved Hacking Suite Improved Hacking Suite System Mapper Improved System Shield Advanced System Shield > --- WEAPON (3) ------- Advanced Plasma Cannon KE Penetrator Advanced KE Penetrator > --- INVENTORY (25) --- Neutrino Core Light Antimatter Reactor Wheel Experimental Coolant Injector Huge Storage Unit Matter Compressor (26) Structural Scanner Spectral Analyzer Advanced Sensor Array Advanced Terrain Scanner Improved Particle Charger Improved Kinecellerator Improved Cloaking Device Improved Medium Armor Plating Experimental Thermal Shield Thermal Barrier Improved Energy Mantle Improved System Shield Advanced Variable Charge Gun Cooled Particle Cannon Gauss Rifle Heavy Battle Rifle Advanced KE Penetrator Phasing Sabre Peak State ------------ > --- POWER ------------ Vortex Chain Reactor > --- PROPULSION ------- Improved Medium Treads Centrium Heavy Treads Centrium Heavy Treads Compact Wheel > --- UTILITY ---------- Experimental Coolant Injector Huge Storage Unit Advanced Terrain Scanner Centrium Medium Armor Plating Experimental Thermal Shield Improved Hacking Suite Improved Hacking Suite Improved System Shield Improved System Shield > --- WEAPON ----------- Vortex Shotgun Cooled Particle Cannon KE Penetrator > --- INVENTORY -------- Neutrino Core Compact Wheel Advanced Heat Sink Huge Storage Unit Matter Compressor Structural Scanner Spectral Analyzer Advanced Sensor Array Improved Particle Charger Improved Kinecellerator Makeshift Cloaking Device Improved Medium Armor Plating Layered Light Armor Plating Thermal Barrier Improved Energy Mantle System Mapper Improved System Shield Advanced System Shield Advanced Variable Charge Gun Advanced Plasma Cannon Gauss Rifle Heavy Battle Rifle Advanced KE Penetrator Advanced KE Penetrator Phasing Sabre [Rating: 149] Favorites ----------- Power Quantum Reactor Engine Improved Ion Engine Power Core Neutrino Core Reactor Quantum Reactor Propulsion Light Treads Treads Light Treads Leg Aluminum Leg Wheel Armored Wheel Utility Improved Hacking Suite Device Structural Scanner Storage High-capacity Storage Unit Processor Advanced Signal Interpreter Hackware Improved Hacking Suite Protection Improved Medium Armor Plating Weapon Cooled Particle Cannon Energy Gun Beamcaster Energy Cannon Cooled Particle Cannon Ballistic Gun Heavy Assault Rifle Launcher Rocket Launcher Impact Weapon Heavy Mace Slashing Weapon Phasing Sabre Build | -11 -10 -10 -9 -8 -7 -7 -7 -7 -6 -6 -6 -6 -6 -6 -5 -5 -5 -5 -4 -4 ------- Run | Jun Mat Min Mat Mat Fac Low Low Dat Pro Fac Ext Cet Arc Hub Fac Upp Upp War Pro Fac Slots Evolved 12 | . . . 2 2 2 . . . . 2 . . . . 2 . . . . 2 Power 1 | . . . . . . . . . . . . . . . . . . . . 1 Propulsion 4 | . . . 1 1 . . . . . 1 . . . . 1 . . . . . Utility 6 | . . . 1 . 2 . . . . 1 . . . . 1 . . . . 1 Weapon 1 | . . . . 1 . . . . . . . . . . . . . . . . Parts Attached 361 | 6 7 8 16 15 6 6 10 2 21 34 70 6 8 11 20 20 23 13 10 49 Power 17 | 1 1 . 1 . . 1 . . . 4 4 2 . . . . 1 1 . 1 Engine 9 | 1 1 . 1 . . 1 . . . 2 2 1 . . . . . . . . Core 3 | . . . . . . . . . . 2 1 . . . . . . . . . Reactor 5 | . . . . . . . . . . . 1 1 . . . . 1 1 . 1 Propulsion 50 | 2 1 4 5 7 1 . 1 . 3 3 11 2 . 2 3 . 1 1 1 2 Treads 28 | 1 . 1 4 5 . . 1 . 2 2 3 1 . 2 3 . 1 1 . 1 Leg 5 | . . 1 . 1 . . . . . . 3 . . . . . . . . . Wheel 17 | 1 1 2 1 1 1 . . . 1 1 5 1 . . . . . . 1 1 Hover . | . . . . . . . . . . . . . . . . . . . . . Flight . | . . . . . . . . . . . . . . . . . . . . . Utility 206 | 1 4 . 6 2 3 3 5 1 11 18 35 1 7 8 14 16 18 6 8 39 Device 138 | . 2 . 2 1 1 2 2 . 7 11 27 . 4 5 7 13 14 3 6 31 Storage 5 | 1 2 . . . . . . . . . 1 . . . 1 . . . . . Processor 5 | . . . . . 1 . . . . 2 . . . . . . . . . 2 Hackware 7 | . . . . . . . . . . . . 1 1 . 3 . . . . 2 Protection 51 | . . . 4 1 1 1 3 1 4 5 7 . 2 3 3 3 4 3 2 4 Artifact . | . . . . . . . . . . . . . . . . . . . . . Weapon 88 | 2 1 4 4 6 2 2 4 1 7 9 20 1 1 1 3 4 3 5 1 7 Energy Gun 13 | 1 . . 2 . . . 1 1 1 1 2 . . . 1 . . 2 . 1 Energy Cannon 13 | . . . . . . . . . . 2 5 . . 1 1 1 1 1 . 1 Ballistic Gun 33 | 1 1 3 2 5 1 1 1 . 3 3 4 1 . . 1 2 1 . . 3 Ballistic Cannon . | . . . . . . . . . . . . . . . . . . . . . Launcher 12 | . . 1 . . . 1 1 . 2 . 3 . . . . 1 1 2 . . Special Weapon . | . . . . . . . . . . . . . . . . . . . . . Impact Weapon 6 | . . . . 1 1 . 1 . 1 2 . . . . . . . . . . Slashing Weapon 11 | . . . . . . . . . . 1 6 . 1 . . . . . 1 2 Piercing Weapon . | . . . . . . . . . . . . . . . . . . . . . Special Melee Weapon . | . . . . . . . . . . . . . . . . . . . . . Unidentified Prototypes 15 | . . . . . . . 1 . 1 1 1 2 1 . 1 . . 5 . 2 Parts Lost 29 | . 1 . 2 2 . 1 3 . 4 2 5 . . 1 . 1 3 1 1 2 Power 4 | . 1 . . . . 1 . . . . . . . . . . 1 . 1 . Propulsion 12 | . . . 2 1 . . 1 . 2 1 1 . . . . . 2 1 . 1 Utility 8 | . . . . . . . 1 . 1 . 3 . . 1 . 1 . . . 1 Weapon 5 | . . . . 1 . . 1 . 1 1 1 . . . . . . . . . Highest Loss Streak 3 | . 1 . 2 1 . 1 3 . 3 2 1 . . 1 . 1 2 1 1 1 To Critical Strikes 1 | . . . . . . . . . . . . . . . . . . 1 . . Average Slot Usage (%) 93 | . 100 100 99 99 100 99 99 100 99 98 95 94 93 92 92 93 88 86 82 84 Engine 3 | . 14 14 11 9 7 6 7 7 7 3 4 . . . . . . . . . Reactor 2 | . . . . . . . . . . . . 5 6 6 5 5 5 5 . 5 Treads 20 | . 14 14 21 21 23 23 22 21 22 17 17 11 12 16 25 27 22 21 16 13 Wheel 6 | . 14 13 10 8 7 7 7 7 5 12 11 12 12 8 . . . . 4 6 Device 12 | . 14 14 11 9 15 14 14 14 14 22 11 8 7 16 9 12 15 12 8 13 Storage 6 | . 14 14 11 9 7 7 7 7 7 6 6 6 6 6 5 5 5 5 5 5 Processor 3 | . . . . . 7 7 7 7 7 6 6 6 6 6 5 . . . . 3 Hackware 9 | . . . . . . . . . . . . 3 6 6 21 22 22 22 22 18 Protection 7 | . . . 10 9 7 7 9 14 12 7 15 18 16 7 1 3 . 2 7 4 Energy Gun 2 | . 6 . 10 4 . . 4 . 7 5 3 . . . 1 . . . 1 2 Energy Cannon 2 | . . . . . . . . . . 3 4 6 6 11 9 4 3 . 5 3 Ballistic Gun 11 | . 21 21 11 22 17 16 14 14 8 6 7 12 7 6 5 11 12 12 5 7 Naked Turns . | . . . . . . . . . . . . . . . . . . . . . Heaviest Build 159 | 12 47 48 57 60 65 70 69 75 76 95 97 104 102 96 129 134 131 139 135 159 Greatest Support 220 | 10 10 16 40 16 16 12 12 12 88 28 68 22 22 166 196 196 220 220 190 190 Greatest Overweight (x) 8 | 1 4 4 5 5 5 5 5 6 6 3 8 4 4 4 . . . . 1 5 Average Overweight (x) 2 | . 2 3 4 3 3 5 4 5 3 2 3 4 3 2 . . . . . . Largest Inventory Capacity 25 | 8 20 20 20 20 20 20 20 20 20 20 20 20 20 20 25 25 25 25 25 25 Average Capacity 21 | 7 15 20 20 20 20 20 20 20 20 20 20 20 20 20 23 25 25 25 25 25 Most Carried 25 | 6 18 20 20 20 20 20 20 20 20 20 20 20 20 20 25 25 25 25 25 25 Average Carried 21 | 3 13 18 19 19 19 19 18 20 19 19 19 19 19 20 21 24 23 24 24 24 Final Capacity 25 | 8 20 20 20 20 20 20 20 20 20 20 20 20 20 20 25 25 25 25 25 25 Final Carried 25 | 6 18 20 20 20 20 20 20 20 20 20 20 20 20 20 25 25 25 24 25 24 Class Distribution -------------------- 24% | Hacker-Mutant 15% | Scavenger-Tank 14% | Scavenger-Skirmisher 10% | Scavenger-Mutant 10% | Mutant 9% | Scavenger-Assassin 8% | Hacker-Skirmisher 3% | Hacker-Tank Dominant Class ---------------- Mutant | -10/Materials Mutant | -10/Mines Mutant | -9/Materials Scavenger-Tank | -8/Materials Scavenger-Mutant | -7/Factory Scavenger-Skirmisher | -7/Lower Caves Scavenger-Skirmisher | -7/Lower Caves Scavenger-Assassin | -7/Data Miner Scavenger-Skirmisher | -6/Proximity Caves Scavenger-Skirmisher | -6/Factory Scavenger-Tank | -6/Extension Scavenger-Tank | -6/Cetus Scavenger-Mutant | -6/Archives Scavenger-Mutant | -6/Hub_04(d) Hacker-Mutant | -5/Factory Hacker-Skirmisher | -5/Upper Caves Hacker-Mutant | -5/Upper Caves Hacker-Mutant | -5/Warlord Hacker-Mutant | -4/Proximity Caves Scavenger-Tank | -4/Factory Resources | -11 -10 -10 -9 -8 -7 -7 -7 -7 -6 -6 -6 -6 -6 -6 -5 -5 -5 -5 -4 -4 ----------- Run | Jun Mat Min Mat Mat Fac Low Low Dat Pro Fac Ext Cet Arc Hub Fac Upp Upp War Pro Fac Matter Collected 6756 | 244 158 152 286 647 85 205 296 . 401 340 1478 236 104 104 177 559 391 251 129 513 Remotely . | . . . . . . . . . . . . . . . . . . . . . Salvage Created 8114 | . 301 154 503 711 50 243 478 . 262 181 1824 30 348 82 138 460 540 501 330 978 Parts 356 | . 30 17 33 31 1 10 11 . 12 11 77 1 22 4 1 13 23 20 3 36 Haulers Intercepted 4 | . 1 . 2 1 . . . . . . . . . . . . . . . . Recyclers Shooed 8 | . . . 1 . . . . . . 2 4 . . . . . . . . 1 Parts Field Recycled . | . . . . . . . . . . . . . . . . . . . . . Retrieved Matter . | . . . . . . . . . . . . . . . . . . . . . Parts Self-Destructed 53 | . . . . . . 9 8 . 15 . . . . . . 10 10 . 1 . Prevented 11 | . . . . . . . . . . . . . . . . 1 10 . . . Kills | -11 -10 -10 -9 -8 -7 -7 -7 -7 -6 -6 -6 -6 -6 -6 -5 -5 -5 -5 -4 -4 ------- Run | Jun Mat Min Mat Mat Fac Low Low Dat Pro Fac Ext Cet Arc Hub Fac Upp Upp War Pro Fac Combat Hostiles Destroyed 157 | . 9 8 13 13 . 9 8 . 6 3 24 1 2 2 2 7 8 26 3 13 Melee 1 | . . . . . . . . . . . . . . . . . . . . 1 Guns 84 | . 7 4 13 13 . 2 4 . 5 2 12 . 1 . 1 6 2 2 1 9 Cannons 17 | . . . . . . . . . . 1 8 1 1 2 1 1 1 . . 1 AOE 53 | . 2 4 . . . 7 4 . 1 . 3 . . . . . 4 24 2 2 Classes Destroyed 18 | . 5 1 1 2 . . 3 . 1 . 2 . . . . . . 2 . 1 Worker 4 | . . . 1 . 1 . . . . 1 . . . . . . . . . 1 Builder 3 | . 1 . . . . . . . . . 1 . . . . . . . . 1 Tunneler 1 | . . . . . . . . . . . 1 . . . . . . . . . Hauler 4 | . 1 . 2 1 . . . . . . . . . . . . . . . . Recycler 4 | . . . . . . . . . . . 3 . . . . . . . . 1 Mechanic 1 | . . . . . . . 1 . . . . . . . . . . . . . Operator 7 | . . . . . . . . . . . 1 . 6 . . . . . . . Watcher 6 | . 2 . 1 1 1 . . . . . . . . . . . . . . 1 Swarmer 31 | . 6 6 3 . . 2 . . 1 . 3 1 . 1 . . . 8 . . Saboteur 3 | . . . . . . . . . . . . . . . . . . 3 . . Grunt 66 | . 3 . 8 10 . 4 3 . 2 . 14 . . . 1 3 6 8 3 1 Brawler 5 | . . . . 1 . . 1 . . . . . . . . 1 . 2 . . Duelist 7 | . . . . . . . 3 . 1 . 1 . . . . 1 . 1 . . Protector 1 | . . . . . . . . . . . . . . . . . . 1 . . Sentry 20 | . . 2 2 1 . . 1 . 1 3 4 . 2 1 1 1 . . . 1 Hunter 12 | . . . . 1 . . . . . . . . . . . . 2 1 . 8 Programmer 3 | . . . . . . . . . . . . . . . . . . . . 3 Behemoth 6 | . . . . . . . . . 1 . 2 . . . . 1 . 2 . . Packrat 5 | . . . . . . . 2 . . . . . . . . . . . 3 . Thug 4 | . . . . . . 3 1 . . . . . . . . . . . . . Best Kill Streak 11 | . 4 3 4 3 1 4 9 . 3 1 5 1 5 1 1 5 5 11 3 4 Combat Bots Only 11 | . 3 3 4 3 . 4 4 . 3 1 5 1 2 1 1 5 5 11 3 2 Max Kills in Single Turn 8 | . 2 2 1 1 1 3 2 . 1 1 2 1 1 1 1 1 1 8 2 2 Gunslinging . | . . . . . . . . . . . . . . . . . . . . . Exploded 8 | . 2 2 . . . 3 1 . 1 . 2 . . . . . 1 8 2 1 Melee 1 | . . . . . . . . . . . . . . . . . . . . 1 Uniques/NPCs Destroyed . | . . . . . . . . . . . . . . . . . . . . . Combat | -11 -10 -10 -9 -8 -7 -7 -7 -7 -6 -6 -6 -6 -6 -6 -5 -5 -5 -5 -4 -4 -------- Run | Jun Mat Min Mat Mat Fac Low Low Dat Pro Fac Ext Cet Arc Hub Fac Upp Upp War Pro Fac Damage Taken 12669 | . 237 249 691 922 . 484 343 . 1064 437 2069 228 51 433 81 1662 690 787 634 1607 Core 1157 | . 39 40 204 56 . 20 19 . 151 4 148 26 19 44 . 178 47 34 61 67 Absorbed by Shields 1072 | . . . . . . . . . . . 107 40 . . . . . . . 925 Reduced by Siege Mode 381 | . . . . . . . . . . . . . . . . 129 34 . 58 160 Regen/Repaired (Parts) 2787 | . . . 33 . . . . . . . . . . . 758 . . 736 . 1260 Core Remaining (%) 73 | 100 . 68 49 89 . . . . 72 . . . . 71 . . . . 68 . Volleys Fired 489 | . 25 9 47 48 . 15 21 . 22 24 76 8 3 6 25 40 30 21 13 56 Largest 3 | . 2 2 2 3 . 3 3 . 3 3 3 3 3 3 3 3 3 3 3 3 Hottest 180 | . 60 50 88 102 . 74 123 . 133 148 180 95 95 145 140 108 158 123 123 166 Shots Fired 1086 | . 50 16 94 141 . 24 43 . 59 53 191 22 9 8 41 95 55 25 25 135 Gun 819 | . 50 12 94 141 . 15 34 . 55 36 117 14 6 1 16 68 30 14 16 100 Cannon 219 | . . . . . . . . . . 17 67 8 3 7 25 26 21 1 9 35 Launcher 48 | . . 4 . . . 9 9 . 4 . 7 . . . . 1 4 10 . . Special . | . . . . . . . . . . . . . . . . . . . . . Kinetic 647 | . 37 12 52 124 . 15 29 . 35 25 88 14 6 1 8 68 30 10 11 82 Thermal 351 | . . . 42 17 . . 5 . 20 28 96 8 3 7 33 26 21 1 9 35 Explosive 26 | . . 4 . . . 9 9 . 4 . . . . . . . . . . . Electromagnetic 25 | . 13 . . . . . . . . . 7 . . . . 1 4 . . . Entropic 37 | . . . . . . . . . . . . . . . . . . 14 5 18 Robot Hit Streak 27 | . 9 15 23 20 . 4 11 . 10 11 11 3 3 4 5 19 26 27 20 12 Robot Miss Streak 6 | . 5 . 6 3 . 3 4 . 2 2 6 3 1 1 2 1 1 2 2 4 Penetration Max 1 | . . . . . . . . . . . 1 1 . . 1 1 . 1 1 1 Secondary Targets 5 | . 1 . . 1 . 1 . . 1 . 1 . . . . . . . . . Max Gunslinging Chain 1 | . 1 . . 1 . 1 . . 1 . 1 . . . . . . . . . Shots Hit Robots 720 | . 28 11 67 96 2 11 26 . 43 35 130 11 13 3 17 67 35 12 17 96 Core Hits 447 | . 19 10 54 38 1 27 29 . 18 16 88 4 7 3 7 18 18 36 12 42 Critical Kills 7 | . 1 . . . . 1 . . . . . . 1 . 1 1 1 . . 1 Critical Parts Destroyed 17 | . . . 1 . 1 . . . . . 1 . . . . 3 . . 2 9 Critical Strikes 35 | . 1 . 1 . 1 1 . . 4 1 5 . 1 . 1 5 1 . 2 11 Burn 9 | . . . . . . . . . 4 1 4 . . . . . . . . . Meltdown 1 | . . . . . . . . . . . . . . . . . . . . 1 Destroy 18 | . 1 . 1 . . 1 . . . . 1 . 1 . 1 5 1 . . 6 Smash 1 | . . . . . 1 . . . . . . . . . . . . . . . Sever 1 | . . . . . . . . . . . . . . . . . . . . 1 Detonate 5 | . . . . . . . . . . . . . . . . . . . 2 3 Melee Attacks 60 | . . . . 1 6 . 1 . 6 7 15 . 8 . . . . . 4 12 Impact 21 | . . . . 1 6 . 1 . 6 7 . . . . . . . . . . Slashing 39 | . . . . . . . . . . . 15 . 8 . . . . . 4 12 Piercing . | . . . . . . . . . . . . . . . . . . . . . Sneak Attacks 15 | . . . . . 1 . . . . 1 6 . 7 . . . . . . . Combat Hostiles . | . . . . . . . . . . . . . . . . . . . . . Follow-up Attacks . | . . . . . . . . . . . . . . . . . . . . . Damage Inflicted 28165 | . 426 303 976 1493 134 1317 1334 . 1191 780 3792 331 952 85 469 1720 1195 6653 974 4040 Guns 12652 | . 306 114 976 1493 . 145 406 . 885 608 1771 224 69 . 336 1357 536 386 486 2554 Cannons 3038 | . . . . . . . . . . 125 1230 107 55 85 133 350 212 27 106 608 Explosions 10737 | . 120 189 . . . 1172 928 . 306 . 408 . . . . 13 447 6240 308 606 Melee 1717 | . . . . . 134 . . . . 47 383 . 828 . . . . . 74 251 Ramming 21 | . . . . . . . . . . . . . . . . . . . . 21 Kinetic 8884 | . 194 114 374 1292 . 145 345 . 489 456 1334 224 69 . 164 1357 536 112 156 1523 Thermal 6223 | . 120 . 602 201 . . 61 . 396 277 1724 107 55 85 305 350 285 27 414 1214 Explosive 2595 | . . 189 . . . 1172 928 . 306 . . . . . . . . . . . Electromagnetic 850 | . 112 . . . . . . . . . 351 . . . . 13 374 . . . Impact 181 | . . . . . 134 . . . . 47 . . . . . . . . . . Slashing 1536 | . . . . . . . . . . . 383 . 828 . . . . . 74 251 Piercing . | . . . . . . . . . . . . . . . . . . . . . Entropic 7875 | . . . . . . . . . . . . . . . . . . 6514 330 1031 Highest Corruption 6 | . 1 1 . 1 . . . . . . . 1 1 1 . 1 1 . . 6 Average Corruption 1 | . 1 1 . 1 . . . . . . . 1 1 1 . 1 1 . . 2 Corruption Purged 2 | . . . . . . . . . . . . . 1 . . . 1 . . . Corruption Blocked . | . . . . . . . . . . . . . . . . . . . . . Effects 36 | . . 4 . 5 . . . . . . . 1 2 . . 13 4 . . 7 Message Errors 10 | . . 1 . 1 . . . . . . . . 1 . . 5 . . . 2 Matter Fused 5 | . . . . . . . . . . . . . . . . 4 1 . . . Heat Flow Errors 9 | . . 2 . 2 . . . . . . . . . . . 2 2 . . 1 Energy Discharges 3 | . . 1 . . . . . . . . . . 1 . . . . . . 1 Data Loss (minor) 2 | . . . . . . . . . . . . . . . . 1 . . . 1 Data Loss (major) 1 | . . . . . . . . . . . . . . . . . . . . 1 Misfires 3 | . . . . . . . . . . . . . . . . 1 1 . . 1 Alerts 2 | . . . . 1 . . . . . . . 1 . . . . . . . . Weapon Failures 1 | . . . . 1 . . . . . . . . . . . . . . . . Overload Shots 1 | . . . . . . . . . . . . 1 . . . . . . . . Overflow Damage 825 | . 5 36 . . 36 17 6 . 14 . 74 . 260 . 3 2 17 223 79 53 Projectiles 48 | . . . . . . . . . . . 4 . . . 3 2 1 . 19 19 Explosions 364 | . 5 36 . . . 17 6 . 14 . . . . . . . 16 223 13 34 Melee 413 | . . . . . 36 . . . . . 70 . 260 . . . . . 47 . Knockbacks . | . . . . . . . . . . . . . . . . . . . . . Impact . | . . . . . . . . . . . . . . . . . . . . . Kinetic . | . . . . . . . . . . . . . . . . . . . . . Secondary . | . . . . . . . . . . . . . . . . . . . . . Self-Inflicted Damage 222 | . 72 . . . . 14 . . . . . . . . . . . . 136 . Shots 5 | . 2 . . . . 1 . . . . . . . . . . . . 2 . Rammed 1 | . . . . . . . . . . . . . . . . . . . . 1 Targets Rammed 1 | . . . . . . . . . . . . . . . . . . . . 1 Kicked . | . . . . . . . . . . . . . . . . . . . . . Crushed . | . . . . . . . . . . . . . . . . . . . . . Highest Temperature 305 | . 12 209 204 137 . 54 60 . 220 150 305 100 66 75 72 263 263 111 193 261 Average Temperature 72 | . 7 82 74 37 . 20 20 . 77 57 93 38 31 36 19 86 96 56 105 81 Received Heat Transfer 3365 | . 33 45 264 480 . 138 126 . 222 144 888 48 . 30 36 483 186 . 123 119 Effects 4 | . . . . . . . . . . . 2 . . . . . . . . 2 Energy Bleed 1 | . . . . . . . . . . . 1 . . . . . . . . . Interference 3 | . . . . . . . . . . . 1 . . . . . . . . 2 Siege Activations 13 | . . . . . . . . . . . . . . . . 3 3 . 1 6 Total Turns 332 | . . . . . . . . . . . . . . . . 83 51 . 28 170 Longest Duration 67 | . . . . . . . . . . . . . . . . 42 30 . 28 67 Robots Corrupted 1 | . . . . . . . . . . . . . . . . . 1 . . . Combat Hostiles 1 | . . . . . . . . . . . . . . . . . 1 . . . Parts Fried 6 | . . . . . 3 . . . . . 2 . . . . . 1 . . . Impact Corruptions 2 | . . . . . 2 . . . . . . . . . . . . . . . Robots Melted 2 | . . . . . . . . . . . 1 . . . . . . . . 1 Combat Hostiles 1 | . . . . . . . . . . . 1 . . . . . . . . . Parts Melted 13 | . . . . 1 . . . . . 2 6 . . 1 . . 1 . . 2 Heat Transferred 8911 | . 200 . 808 444 . . 111 . 962 585 2629 148 74 111 407 481 350 37 398 1166 Parts Sabotaged . | . . . . . . . . . . . . . . . . . . . . . Parts Stolen . | . . . . . . . . . . . . . . . . . . . . . Parts Stripped . | . . . . . . . . . . . . . . . . . . . . . Power Chain Reactions 4 | . 2 . . . . . . . . . 1 . . . . . 1 . . . Missiles Intercepted . | . . . . . . . . . . . . . . . . . . . . . Alert | -11 -10 -10 -9 -8 -7 -7 -7 -7 -6 -6 -6 -6 -6 -6 -5 -5 -5 -5 -4 -4 ------- Run | Jun Mat Min Mat Mat Fac Low Low Dat Pro Fac Ext Cet Arc Hub Fac Upp Upp War Pro Fac Peak Influence 965 | . 257 275 288 290 154 . . . . 97 602 723 507 965 480 . . . . 319 Initial 467 | . . 54 29 . 109 . . . . 44 23 336 289 177 467 . . . . . Average 166 | . 110 167 133 115 99 . . . . 45 162 571 461 383 232 . . . . 119 Maximum Alert Level 3 | . 1 1 1 1 . . . . . . 2 3 2 3 2 . . . . 1 Low Security (%) 74 | 100 92 49 78 74 100 . . . . 100 83 . . 24 57 . . . . 83 Level 1 15 | . 7 50 21 25 . . . . . . 3 13 15 45 23 . . . . 16 Level 2 8 | . . . . . . . . . . . 12 46 84 24 18 . . . . . Level 3 1 | . . . . . . . . . . . . 40 . 6 . . . . . . Level 4 . | . . . . . . . . . . . . . . . . . . . . . Level 5 . | . . . . . . . . . . . . . . . . . . . . . High Security . | . . . . . . . . . . . . . . . . . . . . . Max Security . | . . . . . . . . . . . . . . . . . . . . . Squads Dispatched 18 | . 1 . 4 1 . . 1 . . . 3 1 . 2 1 . . . . 4 Investigation 3 | . . . 1 . . . . . . . . 1 . . . . . . . 1 Extermination 3 | . . . . . . . . . . . . . . 1 1 . . . . 1 Reinforcement 11 | . 1 . 3 1 . . . . . . 3 . . 1 . . . . . 2 Assault 1 | . . . . . . . 1 . . . . . . . . . . . . . Garrison . | . . . . . . . . . . . . . . . . . . . . . Intercept . | . . . . . . . . . . . . . . . . . . . . . Searches Triggered . | . . . . . . . . . . . . . . . . . . . . . Construction Impeded 3 | . . . . . . . . . . . 2 . . 1 . . . . . . Haulers Reinforced 1 | . . . . . . . . . . . . . . . . . . . . 1 Active Scanning Responses . | . . . . . . . . . . . . . . . . . . . . . Cargo Convoy Interrupts . | . . . . . . . . . . . . . . . . . . . . . Stealth | -11 -10 -10 -9 -8 -7 -7 -7 -7 -6 -6 -6 -6 -6 -6 -5 -5 -5 -5 -4 -4 --------- Run | Jun Mat Min Mat Mat Fac Low Low Dat Pro Fac Ext Cet Arc Hub Fac Upp Upp War Pro Fac Distress Signals 7 | . . . 1 . . . . . . 1 3 1 . . . . . . . 1 Communications Jammed 3 | . . . . . . . . . . . . . . 3 . . . . . . Distress Signals 3 | . . . . . . . . . . . . . . 3 . . . . . . Times Spotted 249 | . 16 8 19 22 3 12 14 . 10 5 34 15 6 13 6 8 9 22 3 24 Peak Tracking Total 12 | . 4 3 4 4 2 4 6 . 3 2 6 8 2 6 5 5 5 12 3 7 Tactical Retreats 6 | . . . 1 3 . . . . . . 1 . . . . . 1 . . . Traps | -11 -10 -10 -9 -8 -7 -7 -7 -7 -6 -6 -6 -6 -6 -6 -5 -5 -5 -5 -4 -4 ------- Run | Jun Mat Min Mat Mat Fac Low Low Dat Pro Fac Ext Cet Arc Hub Fac Upp Upp War Pro Fac Traps Triggered 12 | . . . 1 1 1 . . . . . 7 . . . . . 1 . . 1 Indirectly 3 | . . . . . . . . . . . 3 . . . . . . . . . Trap Hack Attempts . | . . . . . . . . . . . . . . . . . . . . . Triggered . | . . . . . . . . . . . . . . . . . . . . . Disarmed . | . . . . . . . . . . . . . . . . . . . . . Reprogrammed . | . . . . . . . . . . . . . . . . . . . . . Reused . | . . . . . . . . . . . . . . . . . . . . . Traps Extracted . | . . . . . . . . . . . . . . . . . . . . . Installed . | . . . . . . . . . . . . . . . . . . . . . Triggered 9 | . . . . . . . . . . . . . . . . . 1 8 . . Machines | -11 -10 -10 -9 -8 -7 -7 -7 -7 -6 -6 -6 -6 -6 -6 -5 -5 -5 -5 -4 -4 ---------- Run | Jun Mat Min Mat Mat Fac Low Low Dat Pro Fac Ext Cet Arc Hub Fac Upp Upp War Pro Fac Machines Disabled 9 | . . . . . . . . . . . . 1 . 3 . . . . . 5 Max in Single Turn 2 | . . . . . . . . . . . . 1 . . . . . . . 2 Garrison Access 1 | . . . . . . . . . . 1 . . . . . . . . . . Network Hub 1 | . . . . . . . . . . . . . . 1 . . . . . . Machines Repaired . | . . . . . . . . . . . . . . . . . . . . . Machines Sabotaged . | . . . . . . . . . . . . . . . . . . . . . Overloaded Fab Kills . | . . . . . . . . . . . . . . . . . . . . . Hacking | -11 -10 -10 -9 -8 -7 -7 -7 -7 -6 -6 -6 -6 -6 -6 -5 -5 -5 -5 -4 -4 --------- Run | Jun Mat Min Mat Mat Fac Low Low Dat Pro Fac Ext Cet Arc Hub Fac Upp Upp War Pro Fac Machines Accessed 54 | . 4 . 6 3 3 . 1 4 . 6 4 1 . 4 7 . . 8 1 2 Terminals 32 | . 4 . 4 2 3 . . . . 3 4 1 . 4 5 . . . 1 1 Fabricators . | . . . . . . . . . . . . . . . . . . . . . Repair Stations 5 | . . . 1 1 . . . . . . . . . . 2 . . . . 1 Recycling Units 2 | . . . 1 . . . . . . 1 . . . . . . . . . . Scanalyzers . | . . . . . . . . . . . . . . . . . . . . . Garrison Access 2 | . . . . . . . . . . 2 . . . . . . . . . . Total Hacks 220 | . 11 . 20 6 9 . 1 29 . 12 11 3 . 12 69 . . 16 1 20 Successful 135 | . 7 . 13 2 3 . 1 29 . 3 4 . . 6 38 . . 16 1 12 Failed 85 | . 4 . 7 4 6 . . . . 9 7 3 . 6 31 . . . . 8 Catastrophic 18 | . 1 . . 3 . . . . . 4 2 1 . 4 3 . . . . . Database Lockouts . | . . . . . . . . . . . . . . . . . . . . . Manual 96 | . 4 . 12 . 7 . . . . 7 6 1 . 9 41 . . 1 . 8 Terminals 143 | . 11 . 16 4 9 . . . . 6 11 3 . 12 56 . . . 1 14 Fabricators . | . . . . . . . . . . . . . . . . . . . . . Repair Stations 24 | . . . 3 2 . . . . . . . . . . 13 . . . . 6 Recycling Units 3 | . . . 1 . . . . . . 2 . . . . . . . . . . Scanalyzers . | . . . . . . . . . . . . . . . . . . . . . Garrison Access 4 | . . . . . . . . . . 4 . . . . . . . . . . Terminal Hacks 95 | . 6 . 6 1 1 . 1 29 . . 2 . . 3 23 . . 16 1 6 Record 21 | . . . . . . . . 11 . . . . . . . . . 9 1 . Part Schematic 10 | . . . . . . . . 8 . . . . . . 2 . . . . . Robot Schematic 7 | . . . . . . . . 7 . . . . . . . . . . . . Robot Analysis 5 | . 2 . 1 . . . . . . . . . . . 1 . . . . 1 Prototype ID Bank 19 | . . . 2 1 1 . . 3 . . 1 . . . 5 . . 6 . . Open Door 2 | . . . . . . . 1 . . . . . . . . . . 1 . . Branch Access Points 3 | . . . . . . . . . . . . . . 1 1 . . . . 1 Terminal Index 2 | . . . . . . . . . . . . . . . 2 . . . . . Repair Station Index 2 | . . . . . . . . . . . . . . . 1 . . . . 1 Alert Level 3 | . 1 . . . . . . . . . . . . . 2 . . . . . Unreport Threat 5 | . . . 1 . . . . . . . 1 . . . 2 . . . . 1 Locate Traps 11 | . 3 . 2 . . . . . . . . . . 1 4 . . . . 1 Recall Extermination 1 | . . . . . . . . . . . . . . . 1 . . . . . Registered Prototypes 2 | . . . . . . . . . . . . . . . 1 . . . . 1 Zone Layout 2 | . . . . . . . . . . . . . . 1 1 . . . . . Fabricator Hacks . | . . . . . . . . . . . . . . . . . . . . . Repair Station Hacks 17 | . . . 2 1 . . . . . . . . . . 10 . . . . 4 Scan Component 9 | . . . 1 1 . . . . . . . . . . 5 . . . . 2 Repair 8 | . . . 1 . . . . . . . . . . . 5 . . . . 2 Recycling Unit Hacks 1 | . . . 1 . . . . . . . . . . . . . . . . . Retrieve Components 1 | . . . 1 . . . . . . . . . . . . . . . . . Scanalyzer . | . . . . . . . . . . . . . . . . . . . . . Garrison Access Hacks 1 | . . . . . . . . . . 1 . . . . . . . . . . Seal Access 1 | . . . . . . . . . . 1 . . . . . . . . . . Unauthorized Hacks 21 | . 1 . 4 . 2 . . . . 2 2 . . 3 5 . . . . 2 Terminals 20 | . 1 . 4 . 2 . . . . 1 2 . . 3 5 . . . . 2 Track 11 | . 1 . 3 . 1 . . . . . 1 . . 1 3 . . . . 1 Botnet 9 | . . . 1 . 1 . . . . 1 1 . . 2 2 . . . . 1 Fabricators . | . . . . . . . . . . . . . . . . . . . . . Repair Stations . | . . . . . . . . . . . . . . . . . . . . . Recycling Units 1 | . . . . . . . . . . 1 . . . . . . . . . . Reject 1 | . . . . . . . . . . 1 . . . . . . . . . . Scanalyzers . | . . . . . . . . . . . . . . . . . . . . . Garrison Access . | . . . . . . . . . . . . . . . . . . . . . Data Cores Recovered 1 | . . . . . . . . . . . 1 . . . . . . . . . Used . | . . . . . . . . . . . . . . . . . . . . . Hacking Detections 37 | . 4 . 4 3 3 . . . . 5 4 2 . 4 6 . . . 1 1 Full Trace Events 2 | . 1 . . . . . . . . . . 1 . . . . . . . . Feedback Events 1 | . 1 . . . . . . . . . . . . . . . . . . . Corruption 1 | . 1 . . . . . . . . . . . . . . . . . . . Feedback Blocked . | . . . . . . . . . . . . . . . . . . . . . Robot Schematics Acquired 7 | . . . . . . . . 7 . . . . . . . . . . . . Robots Built . | . . . . . . . . . . . . . . . . . . . . . Authchips . | . . . . . . . . . . . . . . . . . . . . . Time . | . . . . . . . . . . . . . . . . . . . . . Total Robot Build Rating . | . . . . . . . . . . . . . . . . . . . . . Part Schematics Acquired 10 | . . . . . . . . 8 . . . . . . 2 . . . . . Parts Built . | . . . . . . . . . . . . . . . . . . . . . Authchips . | . . . . . . . . . . . . . . . . . . . . . Time . | . . . . . . . . . . . . . . . . . . . . . Total Part Build Rating . | . . . . . . . . . . . . . . . . . . . . . Parts Repaired 8 | . . . 1 . . . . . . . . . . . 5 . . . . 2 Time 373 | . . . 32 . . . . . . . . . . . 233 . . . . 108 Parts Recycled . | . . . . . . . . . . . . . . . . . . . . . Recycled Matter . | . . . . . . . . . . . . . . . . . . . . . Retrieved Matter . | . . . . . . . . . . . . . . . . . . . . . Retrieved Components 9 | . . . 9 . . . . . . . . . . . . . . . . . Parts Scanalyzed . | . . . . . . . . . . . . . . . . . . . . . Part Schematics Acquired . | . . . . . . . . . . . . . . . . . . . . . Parts Damaged . | . . . . . . . . . . . . . . . . . . . . . Bothacking | -11 -10 -10 -9 -8 -7 -7 -7 -7 -6 -6 -6 -6 -6 -6 -5 -5 -5 -5 -4 -4 ------------ Run | Jun Mat Min Mat Mat Fac Low Low Dat Pro Fac Ext Cet Arc Hub Fac Upp Upp War Pro Fac Used RIF Installer . | . . . . . . . . . . . . . . . . . . . . . Robots Hacked . | . . . . . . . . . . . . . . . . . . . . . Non-combat . | . . . . . . . . . . . . . . . . . . . . . Combat . | . . . . . . . . . . . . . . . . . . . . . Robot Hacks Applied . | . . . . . . . . . . . . . . . . . . . . . Relay Couplers Released . | . . . . . . . . . . . . . . . . . . . . . Fabnet Peak Effective % . | . . . . . . . . . . . . . . . . . . . . . Robots Rewired 5 | . . . . . . . 2 . . . 3 . . . . . . . . . Allies Hacked . | . . . . . . . . . . . . . . . . . . . . . Hacks Repelled . | . . . . . . . . . . . . . . . . . . . . . Allies | -11 -10 -10 -9 -8 -7 -7 -7 -7 -6 -6 -6 -6 -6 -6 -5 -5 -5 -5 -4 -4 -------- Run | Jun Mat Min Mat Mat Fac Low Low Dat Pro Fac Ext Cet Arc Hub Fac Upp Upp War Pro Fac Total Allies 23 | . . . . . 3 . 2 . 1 . 12 5 . . . . . . . . Largest Group 11 | . . . . . 3 3 2 2 3 . 11 11 9 7 2 . . . . . Highest-Rated Group 726 | . . . . . 93 93 62 46 142 . 460 726 726 539 121 . . . . . Highest-Rated Ally 159 | . . . . . 31 31 31 30 96 . 159 159 159 96 96 . . . . . Total Orders 10 | . . . . . . . . . . . 8 . . . 2 . . . . . STAY 5 | . . . . . . . . . . . 4 . . . 1 . . . . . FOLLOW 5 | . . . . . . . . . . . 4 . . . 1 . . . . . Ally Attacks 355 | . . . . . 7 30 16 . 14 . 120 90 25 35 18 . . . . . Total Damage 9320 | . . . . . 84 360 183 . 850 . 2068 2136 1004 1981 654 . . . . . Kills 59 | . . . . . 1 4 3 . 4 . 13 12 2 15 5 . . . . . Allies Corrupted 2 | . . . . . . . . . . . . . . 2 . . . . . . Allies Melted 1 | . . . . . . . . . . . . . . . 1 . . . . . Intel | -11 -10 -10 -9 -8 -7 -7 -7 -7 -6 -6 -6 -6 -6 -6 -5 -5 -5 -5 -4 -4 ------- Run | Jun Mat Min Mat Mat Fac Low Low Dat Pro Fac Ext Cet Arc Hub Fac Upp Upp War Pro Fac Robot Analysis Total 5 | . 2 . 1 . . . . . . . . . . . 1 . . . . 1 Derelict Logs Recovered 6 | . . 1 . . . 1 . . 1 . . . . . . 2 . . 1 . Drone Launches . | . . . . . . . . . . . . . . . . . . . . . Drone Recoveries . | . . . . . . . . . . . . . . . . . . . . . Exploration | -11 -10 -10 -9 -8 -7 -7 -7 -7 -6 -6 -6 -6 -6 -6 -5 -5 -5 -5 -4 -4 ------------- Run | Jun Mat Min Mat Mat Fac Low Low Dat Pro Fac Ext Cet Arc Hub Fac Upp Upp War Pro Fac Turns Passed 18526 | 53 592 497 897 970 502 902 683 145 1543 852 2215 281 198 362 1093 1441 1291 1236 1637 1136 Spaces Moved 9467 | 42 424 330 445 472 316 512 355 86 868 547 986 104 107 224 565 796 712 711 399 466 Core 2 | 2 . . . . . . . . . . . . . . . . . . . . Treads 3900 | . . . 2 . . . . . 175 . 25 . . 67 565 796 712 711 399 448 Legs . | . . . . . . . . . . . . . . . . . . . . . Wheels 5565 | 40 424 330 443 472 316 512 355 86 693 547 961 104 107 157 . . . . . 18 Hover . | . . . . . . . . . . . . . . . . . . . . . Flight . | . . . . . . . . . . . . . . . . . . . . . Fastest Speed 50 | 50 95 130 145 145 145 165 150 165 160 125 125 145 130 130 160 160 160 160 160 160 Average Speed 153 | 89 111 138 150 149 149 165 164 165 164 126 138 145 142 148 160 160 160 160 213 160 Slowest Speed 240 | 95 140 140 240 155 165 165 165 180 180 140 240 145 145 160 160 160 160 160 240 165 Overloaded Moves . | . . . . . . . . . . . . . . . . . . . . . Propulsion Burnouts . | . . . . . . . . . . . . . . . . . . . . . Robots Hopped . | . . . . . . . . . . . . . . . . . . . . . Cave-ins Triggered . | . . . . . . . . . . . . . . . . . . . . . Exploration Rate (%) 49 | 4 68 65 49 41 9 67 48 70 77 14 85 59 73 25 15 68 66 80 43 13 Regions Visited 20 Branch Regions 13 Pre-discovered Areas 2 | . . 1 . . . . . 1 . . . . . . . . . . . . Known Exits Taken 11 | . . . . . 1 1 1 1 1 1 1 1 1 1 1 . . . . . Unknown Exits Taken 9 | 1 1 1 1 1 . . . . . . . . . . . 1 1 1 1 . Scrap Searched 14 | . . 1 . . . 1 3 . 3 . . . . . . 3 3 . . . Spaces Dug 95 | . . . . 1 3 . 1 . 5 14 12 . . 3 16 13 13 . 5 9 Terrain Destroyed 610 | . 4 26 . 1 3 58 71 . 32 17 33 4 3 3 18 19 24 150 43 101 Melee 29 | . . . . 1 3 . 1 . 5 5 8 . . . . . . . 3 3 Projectile 149 | . . . . . . . . . . 12 20 4 3 3 18 19 15 2 12 41 AOE 432 | . 4 26 . . . 58 70 . 27 . 5 . . . . . 9 148 28 57 Terrain Rammed . | . . . . . . . . . . . . . . . . . . . . . Walls Destroyed . | . . . . . . . . . . . . . . . . . . . . . Machines Disabled . | . . . . . . . . . . . . . . . . . . . . . Actions | -11 -10 -10 -9 -8 -7 -7 -7 -7 -6 -6 -6 -6 -6 -6 -5 -5 -5 -5 -4 -4 --------- Run | Jun Mat Min Mat Mat Fac Low Low Dat Pro Fac Ext Cet Arc Hub Fac Upp Upp War Pro Fac Total 12405 | 54 497 361 583 630 337 549 414 88 924 654 1645 222 134 243 714 888 810 791 1154 713 Wait 1671 | 1 17 1 59 77 5 10 1 1 1 11 390 85 . 1 86 21 41 23 728 112 Move 9447 | 41 423 329 444 471 315 511 354 85 867 546 985 103 106 223 564 795 711 710 398 466 Hop . | . . . . . . . . . . . . . . . . . . . . . Pick Up 134 | 6 18 6 6 7 2 4 4 . 5 11 13 6 4 . 15 6 3 6 1 11 Fast Attach 41 | 6 1 . 2 1 . . 1 . 2 7 4 3 . 2 1 . 1 7 1 2 Attach 50 | . 4 . 4 4 2 1 5 . 5 3 7 1 1 . 4 1 2 2 . 4 Detach 12 | . 1 . . . . . 1 . . 1 1 3 . . . . 1 4 . . Swap 271 | . 2 8 10 10 4 5 5 2 14 24 59 2 7 9 15 19 20 4 9 43 Drop 136 | . 6 8 11 11 3 3 . . 2 20 23 11 5 2 4 6 1 14 . 6 Fire 489 | . 25 9 47 48 . 15 21 . 22 24 76 8 3 6 25 40 30 21 13 56 Melee 60 | . . . . 1 6 . 1 . 6 7 15 . 8 . . . . . 4 12 Ram . | . . . . . . . . . . . . . . . . . . . . . Kick . | . . . . . . . . . . . . . . . . . . . . . Crush 1 | . . . . . . . . . . . . . . . . . . . . 1 Escape Stasis 50 | . . . . . . . . . . . 50 . . . . . . . . . Rewire 43 | . . . . . . . 21 . . . 22 . . . . . . . . . Trap . | . . . . . . . . . . . . . . . . . . . . . Miscellaneous . | . . . . . . . . . . . . . . . . . . . . . Route ------- -11/Junkyard -10/Materials (discovered 3 exits: *Mat x2 / [*Min]) -10/Mines -9/Materials (discovered 3 exits: *Mat / [*Sto x2]) -8/Materials -7/Factory -7/Lower Caves -7/Lower Caves (discovered 2 exits: *Fac / *Dat) -7/Data Miner -6/Proximity Caves -6/Factory (discovered 2 exits: *Fac / *Ext) -6/Extension (discovered 2 exits: *Fac / *Cet) -6/Cetus -6/Archives (discovered 2 exits: *Hub x2) -6/Hub_04(d) -5/Factory (discovered 2 exits: *Upp x2) -5/Upper Caves -5/Upper Caves -5/Warlord -4/Proximity Caves -4/Factory (discovered 2 exits: *Upp x2) History --------- Turn | Location | Event 28 | -11/Junkyard | Discovered new exit (range 16) 54 | -11/Junkyard | Entered Materials 304 | -10/Materials | Build established: Mutant 345 | -10/Materials | Discovered new exit (range 7) 421 | -10/Materials | Discovered new exit (range 12) 482 | -10/Materials | Discovered new exit (range 15) 646 | -10/Materials | Entered Mines 676 | -10/Mines | Learned location of Mines (-8) 802 | -10/Mines | Discovered new exit (range 15) 1090 | -10/Mines | Assembled infested the area 1095 | -10/Mines | Assisted by a Guerilla fighting off Assembled 1143 | -10/Mines | Entered Materials 1143 | -9/Materials | Evolved 2 slots: Propulsion x1, Utility x1 1648 | -9/Materials | Discovered new exit (range 11) 1759 | -9/Materials | Core integrity fell below 50% 1852 | -9/Materials | Discovered new exit (range 7) 1929 | -9/Materials | Discovered new exit (range 16) 1976 | -9/Materials | Repaired Hrd. Light Armor Plating 2040 | -9/Materials | Entered another Materials area 2040 | -8/Materials | Evolved 2 slots: Propulsion x1, Weapon x1 2270 | -8/Materials | Discovered new exit (range 5) 2304 | -8/Materials | Build established: Scavenger-Tank 3010 | -8/Materials | Entered Factory 3010 | -7/Factory | Evolved 2 slots: Utility x2 3372 | -7/Factory | Allied Derelicts emerged from ambush trap array 3374 | -7/Factory | Discovered new exit (range 10) 3395 | -7/Factory | Identified exit to Lower Caves 3459 | -7/Factory | Build established: Scavenger-Mutant 3512 | -7/Factory | Entered Lower Caves 3512 | -7/Lower Caves | Accompanied by 3 allies 3685 | -7/Lower Caves | Learned Factory trap positions 4192 | -7/Lower Caves | Build established: Scavenger-Skirmisher 4223 | -7/Lower Caves | Ambushed by wild Derelicts 4279 | -7/Lower Caves | Attracted the attention of an 0b10 checkpoint 4337 | -7/Lower Caves | Discovered new exit (range 3) 4342 | -7/Lower Caves | Identified exit to Lower Caves 4414 | -7/Lower Caves | Entered another Lower Caves area 4414 | -7/Lower Caves | Accompanied by 2 allies 4428 | -7/Lower Caves | Attracted the attention of an 0b10 outpost 4504 | -7/Lower Caves | Lost 3 parts (1n1u1w) 4621 | -7/Lower Caves | Discovered new exit (range 10) 4634 | -7/Lower Caves | Identified exit to Factory 4912 | -7/Lower Caves | Found Alien Artifact 4912 | -7/Lower Caves | Identified Core Expander 4912 | -7/Lower Caves | Installed Core Expander, added new Utility slot 5080 | -7/Lower Caves | Discovered new exit (range 8) 5088 | -7/Lower Caves | Identified exit to Data Miner 5097 | -7/Lower Caves | Entered Data Miner 5097 | -7/Data Miner | Accompanied by 2 allies 5097 | -7/Data Miner | Discovered new exit (range 6) 5104 | -7/Data Miner | Identified exit to Proximity Caves 5129 | -7/Data Miner | Met Data Miner 5160 | -7/Data Miner | Learned location of Section 7 (-2) 5160 | -7/Data Miner | Acquired the access code to Warlord's prototype stash 5190 | -7/Data Miner | Received God Mode back door access code from Data Miner 5211 | -7/Data Miner | Build established: Scavenger-Assassin 5242 | -7/Data Miner | Entered Proximity Caves 5242 | -6/Proximity Caves | Accompanied by 2 allies 5254 | -6/Proximity Caves | Escorted by Enhanced Grunt 5255 | -6/Proximity Caves | Attracted the attention of an 0b10 checkpoint 5615 | -6/Proximity Caves | Build established: Scavenger-Skirmisher 5688 | -6/Proximity Caves | Spotted B-75 Beast 6115 | -6/Proximity Caves | Build established: Scavenger-Assassin 6427 | -6/Proximity Caves | Destroyed B-75 Beast 6432 | -6/Proximity Caves | Found Prototype Device 6432 | -6/Proximity Caves | Identified Exp. Thermal Shield 6454 | -6/Proximity Caves | Lost 3 parts (2n1u) 6608 | -6/Proximity Caves | Learned location of 1 exit from Factory 6756 | -6/Proximity Caves | Discovered exit to Factory (range 5) 6765 | -6/Proximity Caves | Build established: Scavenger-Skirmisher 6785 | -6/Proximity Caves | Entered Factory 6785 | -6/Factory | Evolved 2 slots: Propulsion x1, Utility x1 6786 | -6/Factory | Identified exit to Factory 6787 | -6/Factory | Loaded intel: 116 trap records 7629 | -6/Factory | Discovered new exit (range 6) 7635 | -6/Factory | Identified exit to Extension 7637 | -6/Factory | Entered Extension 8162 | -6/Extension | Disrupted transfer network 8848 | -6/Extension | Spotted B-75 Beast 8970 | -6/Extension | Destroyed B-75 Beast 8990 | -6/Extension | Rescued a captive Derelict 8991 | -6/Extension | Rescued a captive Derelict 9065 | -6/Extension | Rescued A7 9164 | -6/Extension | Rescued a captive Derelict 9165 | -6/Extension | Rescued a captive Derelict 9330 | -6/Extension | Spotted B-75 Beast 9340 | -6/Extension | Destroyed B-75 Beast 9440 | -6/Extension | Rescued a captive Derelict 9441 | -6/Extension | Rescued a captive Derelict 9628 | -6/Extension | Build established: Scavenger-Tank 9635 | -6/Extension | Rescued a captive Derelict 9635 | -6/Extension | Rescued a captive Derelict 9809 | -6/Extension | Discovered exit to Factory (range 10) 9812 | -6/Extension | Discovered new exit (range 6) 9843 | -6/Extension | Identified exit to Cetus 9852 | -6/Extension | Entered Cetus 9852 | -6/Cetus | Accompanied by 11 allies (A7) 9857 | -6/Cetus | Acquired a Cetus Manufacturing Module code from A7 9872 | -6/Cetus | Spotted Cetus Guard 9872 | -6/Cetus | Spotted Cetus Guard 9874 | -6/Cetus | Spotted Cetus Guard 9874 | -6/Cetus | Spotted Cetus Guard 9884 | -6/Cetus | Allies destroyed Cetus Guard 9886 | -6/Cetus | Allies destroyed Cetus Guard 9890 | -6/Cetus | Allies destroyed Cetus Guard 9892 | -6/Cetus | Allies destroyed Cetus Guard 9967 | -6/Cetus | Started Cetus Manufacturing Module 9984 | -6/Cetus | Escorted A7 to Cetus Mainframe 9992 | -6/Cetus | Manufactured an Enhanced Grunt 10017 | -6/Cetus | Manufactured an Enhanced Grunt 10017 | -6/Cetus | Discovered new exit (range 16) 10042 | -6/Cetus | Manufactured an Enhanced Grunt 10043 | -6/Cetus | Identified exit to Archives 10067 | -6/Cetus | Manufactured an Enhanced Grunt 10092 | -6/Cetus | Manufactured an Enhanced Grunt 10133 | -6/Cetus | Entered Archives 10133 | -6/Archives | Accompanied by 9 allies (A7) 10138 | -6/Archives | Received a hacking code to weaken MAIN.C 10238 | -6/Archives | Discovered new exit (range 13) 10275 | -6/Archives | Discovered new exit (range 15) 10327 | -6/Archives | Identified exit to Hub_04(d) 10331 | -6/Archives | Entered Hub_04(d) 10331 | -6/Hub_04(d) | Accompanied by 7 allies 10581 | -6/Hub_04(d) | Discovered exit to Factory (range 14) 10674 | -6/Hub_04(d) | Network Hub disabled 10684 | -6/Hub_04(d) | Spotted Lightning 10684 | -6/Hub_04(d) | Spotted Lightning 10685 | -6/Hub_04(d) | Spotted Lightning 10693 | -6/Hub_04(d) | Entered Factory 10693 | -5/Factory | Accompanied by 2 allies 10693 | -5/Factory | Evolved 2 slots: Propulsion x1, Utility x1 10900 | -5/Factory | Identified exit to Upper Caves 10993 | -5/Factory | Build established: Hacker-Mutant 11471 | -5/Factory | Repaired Centrium Heavy Treads 11497 | -5/Factory | Repaired Imp. Medium Armor Plating 11512 | -5/Factory | Repaired Centrium Medium Armor Plating? 11555 | -5/Factory | Repaired Adv. KE Penetrator 11577 | -5/Factory | Repaired Centrium Heavy Treads? 11786 | -5/Factory | Entered Upper Caves 11786 | -5/Upper Caves | Accompanied by 1 ally 11788 | -5/Upper Caves | Attracted the attention of an 0b10 checkpoint 11838 | -5/Upper Caves | Found Corrupted Exp. Thermal Shield 12108 | -5/Upper Caves | Learned Factory emergency access door positions 12167 | -5/Upper Caves | Learned Factory interactive machine intel 12169 | -5/Upper Caves | Build established: Hacker-Skirmisher 12967 | -5/Upper Caves | Build established: Hacker-Mutant 13037 | -5/Upper Caves | Spotted B-75 Beast 13081 | -5/Upper Caves | Destroyed B-75 Beast 13194 | -5/Upper Caves | Discovered new exit (range 10) 13227 | -5/Upper Caves | Entered another Upper Caves area 13233 | -5/Upper Caves | Encountered a Warlord checkpoint 13823 | -5/Upper Caves | Build established: Hacker-Skirmisher 14165 | -5/Upper Caves | Build established: Hacker-Mutant 14485 | -5/Upper Caves | Discovered new exit (range 13) 14518 | -5/Upper Caves | Entered Warlord 14598 | -5/Warlord | Discovered new exit (range 15) 15257 | -5/Warlord | Met Warlord 15273 | -5/Warlord | Opened Warlord's prototype stash 15278 | -5/Warlord | Found Prototype Device 15278 | -5/Warlord | Identified Thermal Barrier 15282 | -5/Warlord | Warlord's base attacked by MAIN.C 15297 | -5/Warlord | Found Prototype Reactor 15306 | -5/Warlord | Found Prototype Processor 15311 | -5/Warlord | Found Prototype Hackware 15409 | -5/Warlord | Found Prototype Launcher 15409 | -5/Warlord | Identified Vortex Catalyst Activator 15412 | -5/Warlord | Found Prototype Energy Gun 15412 | -5/Warlord | Identified Vortex Shotgun 15594 | -5/Warlord | Destroyed 11 combat bots 15632 | -5/Warlord | Warlord forces counterattacked 15643 | -5/Warlord | Spotted B-86 Titan 15650 | -5/Warlord | Destroyed B-75 Beast 15652 | -5/Warlord | Destroyed B-86 Titan 15693 | -5/Warlord | Destroyed 9 combat bots 15754 | -5/Warlord | Entered Proximity Caves 16220 | -4/Proximity Caves | Build established: Hacker-Tank 16528 | -4/Proximity Caves | Build established: Hacker-Mutant 17185 | -4/Proximity Caves | Spotted B-86 Titan 17221 | -4/Proximity Caves | Learned Research interactive machine intel 17288 | -4/Proximity Caves | Received a Behemoth hack from an annoying Tinkerer 17291 | -4/Proximity Caves | Discovered new exit (range 7) 17391 | -4/Proximity Caves | Entered Factory 17391 | -4/Factory | Evolved 2 slots: Power x1, Utility x1 17391 | -4/Factory | Identified Vortex Chain Reactor 17393 | -4/Factory | Loaded intel: 52 interactive machine locations 17563 | -4/Factory | Discovered new exit (range 16) 17894 | -4/Factory | Spotted B-86 Titan 18293 | -4/Factory | Identified System Mapper 18296 | -4/Factory | Identified exit to Upper Caves 18424 | -4/Factory | Repaired Centrium Heavy Treads? 18493 | -4/Factory | Repaired Centrium Medium Armor Plating? 18527 | -4/Factory | Self-destructed Last Messages --------------- 18494_ U-05 Engineer builds a Wall. 18503_ Slug penetrates P-70 Sage. 18503_ Slug penetrates Wall. 18505_ Activated siege mode. 18506_ Slug penetrates P-70 Sage. 18506_ P-70 Sage suffers critical hit (Destroy). 18506_ Destroyed Antigrav System. 18506_ Slug penetrates P-70 Sage. 18509_ P-70 Sage destroyed. 18511_ U-05 Engineer builds a Wall. 18513_ Overheating: System interference. 18513_ Adv. Plasma Cannon temporarily disabled. 18513_ Adv. Terrain Scan Processor temporarily disabled. 18515_ Critical hit (Burn: +50). 18515_ Slug penetrates G-67 Veteran. 18521_ G-67 Veteran suffers critical hit (Destroy). 18521_ Destroyed Flexi-carbon Leg. 18521_ M-28 Smith repairs G-67 Veteran. 18524_ Slug penetrates G-67 Veteran. 18527_ Critical hit (Burn: +37). Map ----- +----------------------------------------------------+ | ??????????#?? ?? ? # ? # ??????? ????????? | | ???????????# ? # # ?"? ""??????????? | | ?????????### # # ?? ???##??????? | | ?????#?#?####?############ ######+#######??????? | | ??????#??##############T # ######?#####?###????? | | """"" ###?##?#### #####????????? | | ""?F" ########### ##?#????"""? | | ?"" "" ########### ##### ??"""? | | ? ? ########?## """ """ #####????R"? | | ? ? ?#####?##?## """ """ ##### ??"""? | | """ ?########### """ """ ##### ?????? | | ???"?? ########### ###?#??????? | | ?""?? ########## # ????? | | ? ?########### # ? ?#??? | | ? ########### # " "" #??? | | ? ? ?######## #! "R"" ????? | | ? ######## # """" ???? | | ##???########## # ? ???? | | ############### # ?#??? | | ############### ##;#######+### ????? | | #??######### ## u / # ?????? | | ############ ## # ????? | | ##?#?####### ## # ????? | | ??####### u ##g"""" """" #? ????? | | #?####### u u m## """" """" # ????? | | ######### uw !g/@"""" """" # ?????? | | u ## """ """" # ? ?????? | | ######### ## p # ? ?????? | | # ###### ### """" """" # ? ? ????? | | + ###### ### """" """" # ?????? | | // # ######### ### """" """" ### ? ?????? | | / # ######### ### """" """" ### ???????? | | ######?## ######### ### u ### ? ??????? | | #####?###+######### ################# ????????? | | ?###? # # ?#?#? "???????? | | ##?## """ """ + + """ """ ? ####??T???????? | | ##?##?"R" ??""""" # # """ """ ###? ?" ??????? | | ##### " " """"" # # """ """ ###?? ????????? | | #####?? ? # # ? ? ???#???????????? | | ####? ?? ? # ######?###???##????????????? | | ##?#?############## ## #####?#?#?# ??"??????? | | ####?####?###### # ## # ????????????? | | ############## ## % ## + ?????"??????? | | ################## %% # # ????"??????? | | %% # # ???? ???????? | | # ? # ?? ???????? | | # # ^ """? "??????? | | ############## # # # """ ""?????? | | ############## ########"#"# """ ""?????? | | #?#?####?##### ############ """ ????? | +----------------------------------------------------+ Best States ------------- Heat Dissipation 62 Coolant Potential 120 Energy Generation 55 Energy Capacity 700 Matter Stores 300 Matter Capacity 300 Sight Range 16 Robot Scan Range 16 Terrain Scan Range 20 Terrain Scan Density 210 Jamming Range 12 Armor Coverage 1050 Resistance: KI 20 Resistance: TH 50 Evasion (%) 44 Recoil Reduction 6 Particle Charging 25 Kinecelleration 40 Offensive Hacking 44 Defensive Hacking 26 Item Schematics ----------------- Combat Drone Bay | -7/Data Miner | Free Lgt. Regenerative Plating | -7/Data Miner | Free Cld. Cesium-ion Thruster | -7/Data Miner | Free Gravity Neutralizer | -7/Data Miner | Free Cld. Plasma Cannon | -7/Data Miner | Free Nuclear Pulse Array | -7/Data Miner | Free Imp. Recalibrator | -7/Data Miner | Free Imp. Plasma Cutter | -7/Data Miner | Free Adv. Hacking Suite | -5/Factory | Hacked Adv. Sensor Array | -5/Factory | Hacked Robot Schematics ------------------ L-41 Fighter | -7/Data Miner | Free M-22 Extractor | -7/Data Miner | Free H-66 Slayer | -7/Data Miner | Free S-27 Virus | -7/Data Miner | Free E-15 Imp | -7/Data Miner | Free B-48 Gladiator | -7/Data Miner | Free R-10 Processor | -7/Data Miner | Free Fabricated ------------ Nothing Alien Tech Used ----------------- Core Expander Achievements -------------- None Challenges ------------ None Game ------ Seed ImpulseTractorCharge Manual? 0 Play Time 05:55:29 Cumulative 1376.0 hours Start 2023.07.09 @ 15:00:21 End 2023.07.23 @ 15:24:12 Sessions 37 Manual Loads 0 Difficulty Rogue Special Mode None Game No. 377 Rogue 377 Adventurer 0 Explorer 0 Win Type - Total 46 Types 28/6/7/3/0/0/0/2/0 Lore% 83 Gallery% 86 Achievement% 73 Wizard Run 0 Options --------- ASCII 0 Keyboard 1 Movement Numpad Keybinds 0 Fullscreen 1 Font 24/Crisp Map View 76x50 Tactical HUD 1 Map Filters NONE Filters NONE Steam 1 RUN: 65fc952c-1422-41d3-9272-6f87c9c17aef